 Dungeon Crawl Stone Soup version 0.27-a0-416-gca2cecf3c0 (webtiles) character file.

Game seed: 13793412947741520109

43295 Ghazghkull the Severer (level 13, -2/118 HPs)
             Began as a Minotaur Berserker on Feb 20, 2021.
             Was the Champion of Trog.
             Slain by a wolf spider (7 damage)
             ... on level 1 of the Spider Nest on Feb 25, 2021.
             The game lasted 03:06:09 (18705 turns).

Ghazghkull the Severer (Minotaur Berserker)        Turns: 18705, Time: 03:06:10

Health: -2/118     AC: 22    Str: 23    XL:     13   Next: 90%
Magic:  12/12      EV: 17    Int:  4    God:    Trog [******]
Gold:   1442       SH:  0    Dex: 12    Spells: 12/12 levels left

rFire    + + .     SeeInvis .   T - +7 executioner's axe
rCold    . . .     Faith    +   (shield currently unavailable)
rNeg     . . .     Spirit   .   u - +0 plate armour
rPois    +         Reflect  .   v - +0 hat
rElec    +         Harm     .   R - +2 cloak {Will+}
rCorr    .         Rampage  .   c - +0 pair of gloves
Will     +....                  X - +0 pair of boots
Stlth    ..........             j - amulet of faith
HPRegen  0.29/turn              l - ring of Gozag's Approval {rElec rPois rF++ EV+4 Dex-2}
MPRegen  0.13/turn              g - +4 ring of evasion

@: berserk cooldown, slowed, very slow
A: retaliatory headbutt, horns 2
a: Renounce Religion, Berserk, Trog's Hand, Brothers in Arms


You were on level 1 of the Spider Nest.
You worshipped Trog.
Trog was exalted by your worship.
You visited 4 branches of the dungeon, and saw 17 of its levels.
You also visited: Bailey and Volcano.

You collected 1733 gold pieces.
You spent 291 gold pieces at shops.

Inventory:

Hand Weapons
 f - a +0 hand axe of draining
 x - a +0 hand axe of freezing
 N - a +1 broad axe of flaming
 T - a +7 executioner's axe (weapon)
Armour
 c - a +0 pair of gloves (worn)
 u - a +0 plate armour (worn)
 v - a +0 hat (worn)
 O - +0 acid dragon scales
 R - a +2 cloak of willpower (worn)
 X - a +0 pair of boots (worn)
 Z - +0 fire dragon scales
Jewellery
 b - a +6 ring of intelligence
 g - a +4 ring of evasion (right hand)
 j - an amulet of faith (around neck)
 l - the ring of Gozag's Approval (left hand) {rElec rPois rF++ EV+4 Dex-2}
   (You found it on level 10 of the Dungeon)

   [ring of evasion]

   It affects your evasion (+4).
   It affects your dexterity (-2).
   It greatly protects you from fire.
   It insulates you from electricity.
   It protects you from poison.
 F - a +6 ring of intelligence
 I - a ring of protection from cold
 J - a ring of protection from fire
 W - a ring of flight
Wands
 i - a wand of random effects (15)
 G - a wand of flame (67)
 M - a wand of polymorph (17)
 Q - a wand of iceblast (10)
 U - a wand of paralysis (13)
 Y - a wand of digging (5)
Scrolls
 a - 2 scrolls of magic mapping {unknown}
 k - 3 scrolls of teleportation
 m - 2 scrolls of noise {unknown}
 o - a scroll of immolation {unknown}
 B - 4 scrolls of amnesia
 D - 3 scrolls of fog {unknown}
 E - 2 scrolls of fear {unknown}
 L - 2 scrolls of vulnerability {unknown}
 S - a scroll of enchant weapon {unknown}
 V - a scroll of summoning {unknown}
Potions
 d - 2 potions of magic
 e - 3 potions of lignification
 h - 7 potions of curing
 n - 4 potions of brilliance
 p - 6 potions of attraction
 q - 2 potions of berserk rage
 r - a potion of might
 s - a potion of cancellation
 t - 4 potions of haste
 w - 3 potions of ambrosia
 z - 2 potions of degeneration
 A - 4 potions of resistance
 C - a potion of invisibility
 K - 2 potions of mutation
Miscellaneous
 y - a lightning rod (4/4)
 H - a phial of floods


   Skills:
 + Level 12.1 Fighting
 * Level 20.8 Axes
 + Level 13.0 Armour
 + Level 3.5 Dodging
 - Level 0.3 Stealth
 + Level 1.6 Evocations


You had 12 spell levels left.
You didn't know any spells.
Your spell library contained the following spells:

 Spells                   Type           Power        Failure   Level
 Apportation              Tloc           0%           99%         1
 Sandblast                Erth           0%           99%         1
 Passwall                 Tmut/Erth      0%           100%        2
 Lesser Beckoning         Tloc           0%           100%        3
 Stone Arrow              Conj/Erth      0%           100%        3
 Tukima's Dance           Hex            0%           100%        3
 Petrify                  Tmut/Erth      0%           100%        4
 Alistair's Intoxication  Tmut/Pois      0%           100%        5
 Lee's Rapid Deconstruct  Erth           0%           100%        5
 Invisibility             Hex            0%           100%        6


Dungeon Overview and Level Annotations

Branches:
Dungeon (12/15)            Temple (0/1) D:5            Lair (2/6) D:11
 Spider (2/4) Lair:2          Orc (1/2) D:12         Bailey (visited)
Volcano (visited)
  Swamp: Lair:2-4    Shoals: Lair:2-4

Altars:
Cheibriados
Dithmenos
Elyvilon
Okawaru
Ru
Trog
Uskayaw
Wu Jian
Xom
The Shining One

Shops:
D:7 *!   D:11 (


Innate Abilities, Weirdness & Mutations

You reflexively headbutt those who attack you in melee.
You have a pair of horns on your head.


Message History

The wolf spider closely misses you.
The wolf spider bites you but does no damage.
The jumping spider pounces on you but does no damage.
The jumping spider closely misses you.
The redback bites you but does no damage.
The jumping spider leaps!
The wolf spider hits you but does no damage.
The wolf spider bites you but does no damage.
The redback bites you but does no damage.
You climb upwards.
There is a stone staircase leading down here.
The redback barely misses you. The wolf spider hits you!
* * * LOW HITPOINT WARNING * * *
The wolf spider barely misses you.
The jumping spider leaps!
The redback barely misses you. The wolf spider closely misses you.
The wolf spider completely misses you. The wolf spider barely misses you.
The wolf spider bites you but does no damage.
You feel better. The wolf spider hits you.
* * * LOW HITPOINT WARNING * * *
The wolf spider barely misses you.
The wolf spider hits you but does no damage.
The wolf spider bites you but does no damage.
The jumping spider leaps!
You closely miss the wolf spider. You headbutt the wolf spider.
The wolf spider is lightly wounded.
The wolf spider barely misses you.
The wolf spider bites you but does no damage.
The wolf spider closely misses you. You furiously retaliate!
You headbutt the wolf spider! The wolf spider bites you.
* * * LOW HITPOINT WARNING * * *
You're still recovering from your berserk rage.
You closely miss the wolf spider. Your headbutt misses the wolf spider.
The wolf spider is moderately wounded.
The wolf spider hits you but does no damage.
The wolf spider barely misses you. The wolf spider hits you!
* * * LOW HITPOINT WARNING * * *
The wolf spider barely misses you.
The wolf spider misses you. x2; The wolf spider hits you!
You die...

..#####....###.#..##
#....###..## ##..##
.......#.## ##.#
.........# #.# ###
........## #######.#
........# #.....##
........# #....##
........# ##....##
#.......## ##@.....#
#.#......## ##s#.....#
#.###.....####s##.....#
..####.......#.>#.....#
....##...#####........#
.....#......##........##
.............#.##......#
....##.........##....###
...##.........s####..##


You could see a wolf spider and a redback.

Vanquished Creatures
  Gastronok (Lair:1)
  A ghost moth (Spider:1)
  Harold (D:7)
  2 boulder beetles
  A two-headed ogre (D:8)
  3 death yaks (Lair:2)
  The ghost of lupus83 the Frost Mage, a novice GnIE of Vehumet (D:7)
  A deep elf pyromancer (D:12)
  4 orb spiders (Spider:1)
  A necromancer (Lair:2)
  10 wolf spiders
  A cyclops (D:12)
  2 ugly things (D:12)
  An elephant (Lair:2)
  A black mamba (Lair:2)
  4 molten gargoyles (Volcano)
  Maurice (D:12)
  Maggie (D:9)
  2 torpor snails (Lair:1)
  8 cane toads
  An efreet (Volcano)
  A kobold demonologist (D:12)
  A komodo dragon (Lair:1)
  4 demonic crawlers
  2 trolls (D:9)
  A polar bear (Lair:1)
  A dream sheep (Lair:2)
  4 hornets
  11 jumping spiders
  3 blink frogs (Lair:2)
  3 wyverns (Lair:2)
  5 redbacks (Spider:1)
  11 tarantellas
  2 shadows (D:12)
  21 yaks
  A wraith (D:9)
  2 fire elementals (Volcano)
  Eustachio (D:4)
  A steam dragon (D:10)
  3 vampire mosquitoes (D:12)
  A soldier ant (D:10)
  Menkaure (D:7)
  A warg (Orc:1)
  Duvessa (D:7)
  An acid dragon (D:11)
  4 ice beasts
  A water moccasin (D:11)
  7 orc warriors
  A spectral hornet (D:10)
  5 sky beasts
  A black bear (D:7)
  A hornet zombie (D:12)
  6 ogres
  7 centaurs
  3 phantoms
  2 kobold brigands (D:9)
  14 bullfrogs
  A gnoll sergeant (D:12)
  2 earth elementals (Volcano)
  Dowan (D:7)
  3 scorpions
  2 wyvern skeletons
  2 troll zombies (D:12)
  16 wights
  5 howler monkeys
  A lava snake (D:9)
  2 centaur zombies
  4 bullfrog zombies
  2 quasits
  4 hounds
  6 jellies
  7 orc priests
  2 bullfrog skeletons (D:11)
  A gnoll shaman (D:9)
  4 centaur skeletons
  15 orc wizards
  2 yak simulacra (Lair:2)
  4 iguanas
  13 worker ants
  4 polar bear simulacra (Lair:2)
  2 wolf simulacra (Lair:2)
  4 ogre zombies (D:12)
  A hound zombie (D:10)
  A hound skeleton (D:10)
  2 howler monkey zombies (D:7)
  A worker ant zombie (D:10)
  7 gnolls
  10 adders
  A howler monkey skeleton (D:11)
  A shadow imp (D:4)
  3 white imps
  An ufetubus (D:7)
  2 adder zombies
  3 worms
  A dart slug (D:2)
  5 leopard geckos
  53 orcs
  8 bats
  5 giant cockroaches
  14 goblins
  9 hobgoblins
  11 jackals
  17 kobolds
  4 quokkas
  5 frilled lizards
  A goblin skeleton (D:12)
  3 goblin zombies (D:12)
  A hobgoblin skeleton (D:12)
  A hobgoblin zombie (D:12)
  A jackal skeleton (D:4)
  13 orc zombies (D:12)
  A quokka zombie (D:8)
  8 rats
  3 river rat simulacra (Lair:2)
489 creatures vanquished.

Vanquished Creatures (collateral kills)
  A boulder beetle (D:12)
1 creature vanquished.

Vanquished Creatures (others)
  3 fungi
  35 plants
38 creatures vanquished.

Grand Total: 528 creatures vanquished

Notes
Turn   | Place    | Note
-------+----------+-------------------------------------------
     0 | D:1      | Ghazghkull the Minotaur Berserker began the quest for the
                  | Orb.
     0 | D:1      | Reached XP level 1. HP: 19/19 MP: 0/0
   225 | D:1      | Reached skill level 4 in Axes
   257 | D:1      | Reached XP level 2. HP: 26/27 MP: 1/1
   832 | D:2      | Found a shimmering altar of Xom.
   838 | D:2      | Reached XP level 3. HP: 33/33 MP: 2/2
   848 | D:2      | Reached ** piety under Trog
  1593 | D:3      | Reached XP level 4. HP: 33/40 MP: 3/3
  1698 | D:3      | Noticed a sky beast
  1714 | D:3      | Killed a sky beast
  1715 | D:3      | Reached skill level 5 in Axes
  1715 | D:3      | Reached XP level 5. HP: 47/47 MP: 4/4
  2184 | D:4      | Reached skill level 6 in Axes
  2381 | D:4      | Reached *** piety under Trog
  2421 | D:4      | Reached XP level 6. HP: 47/53 MP: 5/5
  2736 | D:4      | Upgraded the game from 0.27-a0-393-gba1aca71f1 to
                  | 0.27-a0-404-g4390dbc5be
  2850 | D:4      | Noticed Eustachio
  2858 | D:4      | Killed Eustachio
  2859 | D:4      | Reached skill level 5 in Fighting
  2859 | D:4      | Reached skill level 7 in Axes
  2859 | D:4      | Reached XP level 7. HP: 61/61 MP: 6/6
  3074 | D:5      | Entered Level 5 of the Dungeon
  3176 | D:5      | Reached skill level 8 in Axes
  3176 | D:5      | Reached skill level 5 in Armour
  3270 | D:5      | Found a staircase to the Ecumenical Temple.
  4183 | D:6      | Reached skill level 9 in Axes
  4288 | D:6      | Reached **** piety under Trog
  4348 | D:6      | Reached XP level 8. HP: 69/69 MP: 7/7
  4710 | D:6      | Got a spiked scale mail
  4745 | D:6      | Identified the +1 scale mail of Lethargy {Rampage rElec rC-
                  | Str-5} (You found it on level 6 of the Dungeon)
  4874 | D:6      | Found a bloodstained altar of Trog.
  5201 | D:7      | Found a glowing golden altar of the Shining One.
  5206 | D:7      | Found Vetunn's Assorted Antiques.
  5234 | D:7      | Bought a coral ring for 130 gold pieces
  5443 | D:7      | Found Wiasague's Distillery.
  5620 | D:7      | Reached skill level 10 in Axes
  5624 | D:7      | Found a transporter.
  5625 | D:7      | Found a transporter.
  5625 | D:7      | Noticed lupus83's ghost (novice GnIE)
  5625 | D:7      | Identified the +11 dire flail of a Labyrinth {venom, Dex+2}
  5669 | D:7      | Killed lupus83's ghost
  5670 | D:7      | Reached skill level 11 in Axes
  5670 | D:7      | Reached XP level 9. HP: 75/75 MP: 8/8
  5804 | D:7      | Noticed Harold
  5813 | D:7      | Killed Harold
  5814 | D:7      | Reached skill level 12 in Axes
  5978 | D:7      | Reached skill level 1 in Evocations
  6625 | D:7      | Noticed Dowan
  6627 | D:7      | Noticed Duvessa
  6631 | D:7      | Noticed Menkaure
  6632 | D:7      | Killed Dowan
  6633 | D:7      | Reached skill level 13 in Axes
  6638 | D:7      | Killed Duvessa
  6641 | D:7      | Killed Menkaure
  6780 | D:7      | Reached XP level 10. HP: 58/86 MP: 9/9
  6981 | D:8      | Noticed a two-headed ogre
  6990 | D:8      | Killed a two-headed ogre
  7349 | D:8      | Found a white marble altar of Elyvilon.
  7613 | D:8      | Found a shadowy altar of Dithmenos.
  8091 | D:8      | Reached ***** piety under Trog
  8291 | D:9      | Reached skill level 14 in Axes
  8315 | D:9      | Upgraded the game from 0.27-a0-404-g4390dbc5be to
                  | 0.27-a0-409-gd57800a693
  9220 | D:9      | Noticed Maggie
  9231 | D:9      | Reached skill level 10 in Armour
  9239 | D:9      | Killed Maggie
  9337 | D:9      | Upgraded the game from 0.27-a0-409-gd57800a693 to
                  | 0.27-a0-412-g8dd771eca2
  9474 | D:9      | Found an ornate altar of the Wu Jian Council.
  9537 | D:10     | Entered Level 10 of the Dungeon
  9685 | D:10     | Reached XP level 11. HP: 65/97 MP: 10/10
 10117 | D:10     | Got a flickering bronze ring
 10119 | D:10     | Identified the ring of Gozag's Approval {rElec rPois rF++
                  | EV+4 Dex-2} (You found it on level 10 of the Dungeon)
 10178 | D:10     | Found a hide-covered altar of Uskayaw.
 10179 | D:10     | Noticed a boulder beetle
 10183 | D:10     | Found an ornate altar of the Wu Jian Council.
 10202 | D:10     | Killed a boulder beetle
 10203 | D:10     | Reached skill level 15 in Axes
 10376 | D:10     | Found an iron altar of Okawaru.
 10721 | D:11     | Reached ****** piety under Trog
 10736 | D:11     | Found Henuor's Antique Weapon Shoppe.
 10741 | D:11     | Bought a runed broad axe for 161 gold pieces
 10810 | D:11     | Noticed a boulder beetle
 10819 | D:11     | Killed a boulder beetle
 11075 | D:11     | Found a staircase to the Lair.
 11086 | D:11     | Reached skill level 10 in Fighting
 11143 | D:11     | Found a flagged portal.
 11159 | Bailey   | Entered a bailey
 11408 | D:11     | Received a gift from Trog
 11740 | D:12     | Noticed a white ugly thing
 11743 | D:12     | Killed a white ugly thing
 11811 | D:12     | Reached skill level 16 in Axes
 11899 | D:12     | Noticed a boulder beetle
 11920 | D:12     | Killed a boulder beetle
 12105 | D:12     | Noticed Maurice
 12105 | D:12     | Noticed a green ugly thing
 12113 | D:12     | Killed a green ugly thing
 12114 | D:12     | Killed Maurice
 12318 | D:12     | Noticed a deep elf pyromancer
 12328 | D:12     | Killed a deep elf pyromancer
 12329 | D:12     | Reached XP level 12. HP: 107/107 MP: 11/11
 12356 | D:12     | Received a gift from Trog
 12360 | D:12     | Found a staircase to the Orcish Mines.
 12608 | D:12     | Reached skill level 17 in Axes
 12769 | Orc:1    | Entered Level 1 of the Orcish Mines
 12919 | Orc:1    | Found a dark tunnel.
 12925 | Volcano  | Entered a volcano
 13663 | Orc:1    | Upgraded the game from 0.27-a0-412-g8dd771eca2 to
                  | 0.27-a0-416-gca2cecf3c0
 13977 | Lair:1   | Entered Level 1 of the Lair of Beasts
 13977 | Lair:1   | Noticed Gastronok
 13986 | Lair:1   | Killed Gastronok
 13987 | Lair:1   | Reached skill level 18 in Axes
 14391 | Lair:1   | Received a gift from Trog
 14882 | Lair:1   | Found a snail-covered altar of Cheibriados.
 15157 | Lair:2   | Found a sacrificial altar of Ru.
 15267 | Lair:2   | Reached skill level 19 in Axes
 15281 | Lair:2   | Reached XP level 13. HP: 116/116 MP: 12/12
 15470 | Lair:2   | Found a hole to the Spider Nest.
 15972 | Lair:2   | Identified a translucent quarterstaff {god gift} (Trog
                  | gifted it to you on level 2 of the Lair of Beasts)
 15972 | Lair:2   | Received a gift from Trog
 16477 | Spider:1 | Entered Level 1 of the Spider Nest
 16654 | Spider:1 | Reached skill level 20 in Axes
 17166 | Spider:1 | Killed a ghost moth
 18658 | Spider:2 | Received a gift from Trog
 18704 | Spider:1 | HP: 5/118 [wolf spider (7)]
 18705 | Spider:1 | Slain by a wolf spider

Illustrated notes

Levels and vault maps discovered:
D:1:      minmay_arrival_four_circles, layout_loops_ring, minmay_liquid_box
D:2:      layout_basic, nicolae_overflow_crystal_walls, serial_undead,
          serial_undead_e, serial_undead_b, serial_undead_d, serial_undead_c,
          kennysheep_small_spiral
D:3:      layout_rooms
D:4:      layout_gridville, nicolae_overflow_hidden_temple, uniq_eustachio
D:5:      layout_loops_cross, minmay_temple_entry_tees, kennysheep_windowed_goal
D:6:      layout_basic, kennysheep_mini_moat, moated_statue,
          minmay_misc_feat_room
D:7:      minmay_bubble_buster, layout_loops_ring, gammafunk_ghost_smash,
          serial_shops, shop_coins, shop, basic_altar, uniq_menkaure,
          uniq_harold, uniq_duvessa
D:8:      layout_basic, lemuel_round_altar, elyvilon_altar_4
D:9:      layout_roguey, kennysheep_mini, kennysheep_cross_room,
          hangedman_abyss_or_decor_clamps, uniq_maggie
D:10:     layout_cave_pools, basic_altar, hangedman_weighted_door,
          serial_park_tiny_pond, nzn_masters_of_martial_movement
D:11:     layout_roguey, lair_entry_dummy, serial_shops, shop, enter_bailey_4
D:12:     layout_roguey, zombieorc1_lemuel, st_stairs_6, uniq_maurice
Lair:1:   layout_long_grid, kennysheep_snail_temple, uniq_gastronok
Lair:2:   wad_woods_stonehenge, layout_loops_ring, spider_nest_entry_funnel_web,
          eino_house_with_fridge
Spider:1: layout_chambers, drop_trap, hangedman_spider_tarantella_strand
Spider:2: spiders_nest_scorpion_pit
Orc:1:    layout_diamond_mine, nicolae_volcano_entry_two_sided

Skill      XL: |  1  2  3  4  5  6  7  8  9 10 11 12 13 |
---------------+----------------------------------------+-----
Axes           | 4 5 6 7 9 11 13 14 16 19 20 | 20.8
Fighting       | 4 5 6 7 9 10 11 12 | 12.1
Armour         | 3 4 5 7 8 10 11 12 13 | 13.0
Dodging        | 3 |  3.5
Evocations     | 1 |  1.6
Stealth        | |  0.3

Action                   |  1- 3 |  4- 6 |  7- 9 | 10-12 | 13-15 || total
-------------------------+-------+-------+-------+-------+-------++-------
Melee: Hand axe          |    82 |   128 |   301 |   305 |       ||   816
       Headbutt          |    13 |    26 |    56 |   151 |    48 ||   294
       War axe           |       |       |       |    36 |       ||    36
       Broad axe         |       |       |       |   189 |       ||   189
       Executioner's axe |       |       |       |   141 |   215 ||   356
Invok: Berserk           |       |     2 |     6 |    19 |     6 ||    33
       Brothers in Arms  |       |       |       |     1 |       ||     1
       Trog's Hand       |       |       |       |       |     2 ||     2
Evoke: Wand              |       |       |     3 |     5 |     2 ||    10
       Lightning rod     |       |       |       |     1 |       ||     1
  Use: Scroll            |       |       |     6 |    11 |     1 ||    18
       Potion            |       |       |     2 |     1 |     6 ||     9
 Stab: Distracted        |       |       |       |     1 |       ||     1
       Paralysed         |       |       |       |       |     2 ||     2
Armor: Animal skin       |     1 |       |       |       |       ||     1
       Ring mail         |    14 |    12 |       |       |       ||    26
       Leather armour    |     3 |       |     7 |       |       ||    10
       Plate armour      |       |    52 |   134 |   247 |   184 ||   617
Dodge: Dodged            |    49 |    40 |    40 |   303 |   235 ||   667
Block: Kite shield       |       |     5 |    68 |   190 |       ||   263

Table legend: (Time is in decaauts)
 A = Elapsed time spent in this place.
 B = Non-inter-level travel time spent in this place.
 C = Inter-level travel time spent in this place.
 D = Time resting spent in this place.
 E = Time spent auto-exploring this place.
 F = Levels seen in this place.
 G = Mean time per level.
                   A        B        C        D        E       F      G
               +--------+--------+--------+--------+--------+-----+--------+
         Total |  18973 |  18613 |    360 |   2149 |  12612 |  19 |  998.6 |
       Dungeon |  12975 |  12743 |    232 |    768 |   9206 |  12 | 1081.2 |
          Lair |   2537 |   2488 |     49 |    281 |   1835 |   2 | 1268.5 |
   Spider Nest |   2257 |   2211 |     46 |    689 |   1144 |   2 | 1128.5 |
  Orcish Mines |    604 |    571 |     33 |      0 |    412 |   1 |  604.0 |
        Bailey |     42 |     42 |      0 |      0 |      8 |   1 |   42.0 |
       Volcano |    556 |    556 |      0 |    409 |      7 |   1 |  556.0 |
               +--------+--------+--------+--------+--------+-----+--------+

Top non-repeatable levels by time:
Spider:1: 2210 daAuts
     D:7: 1863 daAuts
     D:9: 1373 daAuts
  Lair:2: 1363 daAuts
    D:12: 1277 daAuts
     D:8: 1197 daAuts
  Lair:1: 1173 daAuts
    D:10: 1085 daAuts
     D:6: 1068 daAuts
    D:11: 1008 daAuts
     D:5: 998 daAuts
     D:2: 915 daAuts
     D:4: 913 daAuts
     D:1: 670 daAuts
     D:3: 604 daAuts
